 Dungeon Crawl Stone Soup version 0.24.0-35-gdb84b6a5db (webtiles) character file.

Game seed: 18158993909331614608, levelgen mode: deterministic

321 Froggeryz the Cudgeler (level 6, 0/35 HPs)
             Began as a Gargoyle Gladiator on Nov 18, 2019.
             Slain by an ogre
             ... wielding a +0 giant club
              (24 damage)
             ... on level 4 of the Dungeon.
             The game lasted 00:03:36 (3594 turns).

Froggeryz the Cudgeler (Gargoyle Gladiator)         Turns: 3594, Time: 00:03:36

Health: 0/35       AC: 10    Str: 20    XL:     6   Next: 46%
Magic:  6/6        EV: 11    Int:  8    God:
Gold:   99         SH:  0    Dex: 11    Spells: 5/5 levels left

rFire    . . .     SeeInvis .   o - +0 whip (venom)
rCold    . . .     Gourm    .   (no shield)
rNeg     + . .     Faith    .   k - +0 ring mail
rPois    ∞         Spirit   .   c - +0 helmet
rElec    +         Reflect  .   (no cloak)
rCorr    .         Harm     .   (no gloves)
MR       .....                  (no boots)
Stlth    +.........             (no amulet)
HPRegen  0.11/turn              (no ring)
MPRegen  0.10/turn              (no ring)

@: no status effects
A: negative energy resistance 1, electricity resistance, unbreathing,
petrification resistance, rot immunity, AC +4
a: no special abilities


You were on level 4 of the Dungeon.
You were not hungry.

You visited 1 branch of the dungeon, and saw 4 of its levels.

You collected 99 gold pieces.

Inventory:

Hand Weapons
 a - a +0 flail
 o - a +0 whip of venom (weapon)
Missiles
 d - 4 throwing nets
 m - 3 javelins (quivered)
 s - 21 poisoned darts
Armour
 c - a +0 helmet (worn)
 k - a +0 ring mail (worn)
Jewellery
 q - an uncursed ring of flight {unknown}
Wands
 t - a wand of polymorph (3)
Scrolls
 b - a scroll of teleportation {unknown}
 e - a scroll of remove curse {unknown}
 g - 3 scrolls of identify {unknown}
 h - a scroll of noise {unknown}
 i - a scroll of immolation {unknown}
 u - a scroll of magic mapping {unknown}
Potions
 j - 2 potions of lignification {unknown}
 l - a potion of haste {unknown}
 n - a potion of flight {unknown}
 p - a potion of degeneration {unknown}
 r - a potion of curing
 v - 2 potions of might {unknown}
Comestibles
 f - 6 rations
 w - a chunk of flesh


   Skills:
 - Level 2.1 Fighting
 * Level 7.1 Maces & Flails
 - Level 1.7 Throwing
 - Level 2.4 Dodging


You had 5 spell levels left.
You didn't know any spells.
Your spell library was empty.

Dungeon Overview and Level Annotations

Branches:
Dungeon (4/15)
 Temple: D:4-7

Altars:
Cheibriados


Innate Abilities, Weirdness & Mutations

You are resistant to torment.
Your stone body is resilient. (AC +4)
You are immune to poison.
You resist negative energy. (rN+)
You are resistant to electric shocks. (rElec)
You can survive without breathing.
You are immune to petrification.
You are immune to rotting.


Message History

a +0 mace; a cursed -1 scale mail An ogre comes into view.
It is wielding a +0 giant club.
The ogre shouts!
Found a scroll labeled KELUUBL CONITZ.
You see here a scroll labeled IJEROPH TUMAKELYMI.
An ogre is nearby!
Throwing (i - inventory. (/) - cycle)
m - 5 javelins (quivered)
Press: ? - help, Shift-Dir - straight line, f - ogre
Aim: an ogre, wielding a +0 giant club You throw a javelin.
The javelin pierces through the ogre!
The ogre is heavily wounded.
Throwing (i - inventory. (/) - cycle)
m - 4 javelins (quivered)
Press: ? - help, Shift-Dir - straight line, f/p - ogre
Aim: an ogre, wielding a +0 giant club (heavily wounded)
You throw a javelin. The javelin closely misses the ogre.
You whack the ogre!
The ogre is poisoned.
The ogre is severely wounded.
The ogre hits you with a +0 giant club!!
Ouch! That really hurt!
You die...

..#....# #.#....#
#. ......#
(#.##.....#
..........#
(....$....#
..?.......# #O@?#
#####...#
#.......#
##.......#
#......#.##
#......#..#
#.#....#..#
#.#..###..#######
#.#....#..#.....#


You could see an ogre.

Vanquished Creatures
  A hound (D:4)
  2 orc priests (D:4)
  Natasha (thrice) (D:2)
  Robin (D:3)
  6 adders
  2 oozes (D:2)
  2 worms
  3 dart slugs
  A leopard gecko (D:3)
  7 orcs
  2 ball pythons
  A giant cockroach (D:1)
  9 goblins
  6 hobgoblins
  3 jackals (D:3)
  6 kobolds
  A quokka (D:4)
  3 bats
  10 frilled lizards
  6 rats
75 creatures vanquished.

Notes
Turn   | Place    | Note
-------+----------+-------------------------------------------
     0 | D:1      | Froggeryz the Gargoyle Gladiator began the quest for the
                  | Orb.
     0 | D:1      | Reached XP level 1. HP: 12/12 MP: 1/1
   395 | D:1      | Reached XP level 2. HP: 17/17 MP: 2/2
   763 | D:1      | Reached skill level 4 in Maces & Flails
   946 | D:2      | Reached XP level 3. HP: 21/21 MP: 3/3
  1560 | D:2      | Reached XP level 4. HP: 25/26 MP: 4/4
  1782 | D:2      | Noticed Natasha
  1794 | D:2      | Killed Natasha
  1794 | D:2      | Reached skill level 5 in Maces & Flails
  2516 | D:3      | Noticed Robin
  2552 | D:3      | Reached XP level 5. HP: 25/30 MP: 5/5
  2566 | D:3      | Killed Robin
  3045 | D:3      | Reached skill level 6 in Maces & Flails
  3059 | D:3      | Found a snail-covered altar of Cheibriados.
  3196 | D:2      | Noticed Natasha
  3210 | D:2      | Killed Natasha
  3379 | D:2      | Noticed Natasha
  3387 | D:2      | Killed Natasha
  3416 | D:4      | Reached XP level 6. HP: 35/35 MP: 6/6
  3554 | D:4      | Reached skill level 7 in Maces & Flails
  3594 | D:4      | Slain by an ogre

Levels and vault maps discovered:
D:1:      wheals_arrival_linesprint, layout_loops_ring, minmay_lizard_pond
D:2:      layout_basic, uniq_natasha
D:3:      layout_basic, kennysheep_slug_shrine, first_ration,
          hangedman_abyss_or_decor_lesser_grid, uniq_robin
D:4:      layout_basic

Skill      XL: |  1  2  3  4  5  6 |
---------------+-------------------+-----
Maces & Flails | 4 5 6 7 |  7.1
Fighting       | |  2.1
Throwing       | |  1.7
Dodging        | |  2.4

Action                   |  1- 3 |  4- 6 || total
-------------------------+-------+-------++-------
Melee: Flail             |   121 |    36 ||   157
       Whip              |       |   168 ||   168
       Unarmed           |       |     2 ||     2
Throw: Javelin           |       |     2 ||     2
  Eat: Chunk             |     2 |     7 ||     9
Armor: Leather armour    |    40 |       ||    40
       Ring mail         |    19 |    77 ||    96
Dodge: Dodged            |    88 |   102 ||   190
